 Dungeon Crawl Stone Soup version 0.31-a0-881-ge136f0c47a (webtiles) character file.

Game seed: 1175390474724186876

761 pokeman the Thaumaturge (level 7, -1/40 HPs)
             Began as a Deep Elf Hedge Wizard on Oct 16, 2023.
             Was an Initiate of Vehumet.
             Slain by a sleepcap (7 damage)
             ... on level 5 of the Dungeon.
             The game lasted 00:10:34 (5850 turns).

pokeman the Thaumaturge (Deep Elf Hedge Wizard)     Turns: 5850, Time: 00:10:35

Health: -1/40      AC:  5    Str:  7    XL:     7   Next: 51%
Magic:  7/21       EV:  2    Int: 21    God:    Vehumet [......]
Gold:   186        SH:  0    Dex: 14    Spells: 15/23 levels left

rFire   . . .        e - +0 war axe
rCold   . . .        (no shield)
rNeg    . . .        b - +0 robe
rPois   .            c - +0 hat
rElec   .            n - +0 cloak
rCorr   .            q - +0 pair of gloves
SInv    .            f - +0 pair of boots
Will    .....        p - amulet of reflection
Stlth   ++           (no ring)
HPRegen 0.26/turn    (no ring)
MPRegen 0.17/turn

%: reflection
@: sleeping, very slightly contaminated
A: no striking features
a: Renounce Religion


You were on level 5 of the Dungeon.
You worshipped Vehumet.
Vehumet was noncommittal.
You visited 2 branches of the dungeon, and saw 6 of its levels.

You collected 186 gold pieces.

Inventory:

Hand Weapons
 e - a +0 war axe (weapon)
 m - a +4 quarterstaff of chaos
Armour
 b - a +0 robe (worn)
 c - a +0 hat (worn)
 f - a +0 pair of boots (worn)
 j - a +3 scale mail of cold resistance
 n - a +0 cloak (worn)
 q - a +0 pair of gloves (worn)
Jewellery
 p - an amulet of reflection (around neck)
 t - a +6 ring of dexterity
 C - a ring of fire
Scrolls
 a - 3 scrolls of immolation {unknown}
 h - a scroll of summoning {unknown}
 i - a scroll of acquirement {unknown}
 k - 3 scrolls of teleportation
 l - a scroll of fear {unknown}
 r - a scroll of fog {unknown}
 u - a scroll of revelation {unknown}
 v - a scroll of enchant weapon {unknown}
 w - a scroll of enchant armour {unknown}
 y - a scroll of amnesia {unknown}
 A - a scroll of blinking {unknown}
Potions
 d - 2 potions of magic
 g - a potion of invisibility {unknown}
 o - a potion of degeneration {unknown}
 s - 2 potions of curing
 x - a potion of lignification {unknown}
 z - a potion of resistance {unknown}
 B - 2 potions of heal wounds {unknown}


   Skills:
 - Level 2.0 Fighting
 + Level 1.8 Armour
 - Level 3.0 Dodging
 - Level 3.0 Stealth
 * Level 8.7 Spellcasting
 + Level 4.3 Conjurations
 - Level 1.1 Summonings
 - Level 1.1 Translocations
 - Level 1.0 Air Magic
 - Level 1.0 Poison Magic


You had 15 spell levels left.
You knew the following spells:

 Your Spells              Type           Power      Damage    Failure   Level
a - Magic Dart            Conj           100%       1d8       1%          1
b - Mephitic Cloud        Conj/Pois/Air  18%        N/A       10%         3
c - Call Imp              Summ           26%        N/A       7%          2
d - Blink                 Tloc           26%        N/A       7%          2

Your spell library contained the following spells:

 Spells                   Type           Power      Damage    Failure   Level
 Freeze                   Ice            36%        1d5       8%          1
 Slow                     Hex            36%        N/A       8%          1
 Cigotuvi's Dreadful Rot  Necr/Pois/Air  24%        N/A       9%          2
 Hailstorm                Conj/Ice       18%        3d6       9%          3
 Ensorcelled Hibernation  Hex/Ice        18%        N/A       11%         2
 Passwall                 Tmut/Erth      7%         N/A       11%         2
 Swiftness                Air            13%        N/A       14%         3
 Frozen Ramparts          Ice            18%        1d3       22%         3
 Ozocubu's Armour         Ice            9%         N/A       22%         3
 Ozocubu's Refrigeration  Ice            4%         4d8       100%        7


Dungeon Overview and Level Annotations

Branches:
Dungeon (5/15)             Temple (1/1) D:4

Altars:
Ashenzari
Cheibriados
Dithmenos
Fedhas
Gozag
Hepliaklqana
Kikubaaqudgha
Makhleb
Nemelex Xobeh
Okawaru
Qazlal
Ru
Sif Muna
Trog
Uskayaw
Vehumet
Wu Jian
Yredelemnul
Zin
The Shining One

Shops:
D:2 [

Portals:
Abyss: D:3

Annotations:
D:3 2 transporters, Fractals's ghost, amateur HuHW


Message History

Aiming: Mephitic Cloud (dangerous; 10% risk of failure)
Press: ? - help, Shift-Dir - straight line, f/p - iguana
Aim: an iguana (chance to affect: 86%)
The ball explodes into a vile cloud!
The stinking cloud engulfs the iguana but does no damage.
The stinking cloud engulfs you but does no damage.
The stinking cloud engulfs the hound but does no damage.
The hound is heavily wounded.
You are engulfed in noxious fumes.
You choke on the stench!
You are confused.
You hear an angry hiss.
The iguana is engulfed in noxious fumes.
The iguana appears confused.
The hound closely misses you.
Your cerulean imp hits the hound from afar with a -3 spear.
Unknown command.
Unknown command.
You are engulfed in noxious fumes.
You choke on the stench!
You are more confused.
The iguana is engulfed in noxious fumes.
The iguana appears confused.
The iguana misses you.
Your cerulean imp closely misses the hound.
Your cerulean imp closely misses the hound.
The iguana bites your cerulean imp. The iguana bites you.
* * * LOW HITPOINT WARNING * * *
Your cerulean imp hits the hound but does no damage.
The hound is engulfed in noxious fumes.
The hound misses your cerulean imp. The iguana bites your cerulean imp!
Your cerulean imp dies!
Your cerulean imp disappears in a puff of smoke!
The iguana hisses angrily.
You barely miss the sleepcap. You barely miss the iguana. You hit the hound.
You feel less confused.
The hound is engulfed in noxious fumes.
The hound appears confused.
You block the hound's attack. The sleepcap releases spores at you.
* * * LOW HITPOINT WARNING * * *
You are engulfed in a cloud of soporific spores!
You fall asleep.
The hound is engulfed in noxious fumes.
The sleepcap releases spores at you!
You die...

########.#...
###...!.......# ###
######...##.....#. #
.....##...5l............##
........####..........####
.....###.°.............# #
....?....l..#..........# #
.........h°............# #
........f@l###........># #
.....:###### #.........# #
....# ##..##.#### # ....
...# .# # ... #..# # #
#..# # # # #


You could see a sleepcap, 2 iguanas and a hound (confused).

Vanquished Creatures
  An ice beast (D:4)
  A black bear (D:4)
  A phantom (D:5)
  A hound (D:4)
  3 orc priests
  Crazy Yiuf (D:2)
  Jessica (D:2)
  Terence (D:2)
  An orc wizard (D:3)
  Natasha (D:4)
  10 gnolls (D:4)
  7 adders
  4 worms
  A dart slug (D:3)
  9 orcs
  9 endoplasms
  5 goblins
  7 hobgoblins
  8 quokkas
  10 ball pythons
  4 bats
  3 frilled lizards
  3 kobolds
  4 rats
96 creatures vanquished.

Notes
Turn   | Place    | Note
-------+----------+-------------------------------------------
     0 | D:1      | pokeman the Deep Elf Hedge Wizard began the quest for the
                  | Orb.
     0 | D:1      | Reached XP level 1. HP: 10/10 MP: 7/7
   508 | D:1      | Reached XP level 2. HP: 16/16 MP: 1/9
   944 | D:2      | Reached skill level 5 in Spellcasting
  1177 | D:2      | Reached XP level 3. HP: 20/20 MP: 6/11
  1181 | D:2      | Learned a level 3 spell: Mephitic Cloud
  1184 | D:2      | Learned a level 2 spell: Call Imp
  1187 | D:2      | Learned a level 2 spell: Blink
  1524 | D:2      | Noticed Terence
  1552 | D:2      | Killed Terence
  1553 | D:2      | Reached skill level 1 in Fighting
  1553 | D:2      | Reached skill level 1 in Armour
  1553 | D:2      | Reached XP level 4. HP: 25/25 MP: 10/13
  1950 | D:2      | Found Morufis's Armour Shop.
  2001 | D:2      | Found a runed translucent door.
  2002 | D:2      | Noticed Crazy Yiuf
  2089 | D:2      | Noticed Jessica
  2096 | D:2      | Killed Jessica
  2097 | D:2      | Reached skill level 6 in Spellcasting
  2198 | D:2      | Found a faded altar of an unknown god.
  2502 | D:2      | Killed Crazy Yiuf
  2503 | D:2      | Reached XP level 5. HP: 29/29 MP: 8/15
  2725 | D:3      | Reached skill level 1 in Air Magic
  2725 | D:3      | Reached skill level 1 in Poison Magic
  3169 | D:3      | Noticed a small abomination
  3241 | D:3      | Reached XP level 6. HP: 29/34 MP: 1/17
  3432 | D:3      | Found a transporter.
  3442 | D:3      | Found a transporter.
  3444 | D:3      | Found a one-way gate to the infinite horrors of the Abyss.
  3444 | D:3      | Noticed Fractals's ghost (amateur HuHW)
  4017 | D:4      | Reached skill level 7 in Spellcasting
  4371 | D:4      | Noticed an ice beast
  4542 | D:4      | Noticed Natasha
  4546 | D:4      | Killed Natasha
  4635 | D:4      | Reached XP level 7. HP: 40/40 MP: 17/20
  4821 | D:4      | Found a staircase to the Ecumenical Temple.
  4831 | Temple   | Entered the Ecumenical Temple
  4901 | D:4      | Reached skill level 8 in Spellcasting
  5194 | D:4      | Found a basalt altar of Yredelemnul.
  5194 | D:4      | Found a shimmering blue altar of Sif Muna.
  5200 | D:4      | Found a glowing silver altar of Zin.
  5232 | D:4      | Found a radiant altar of Vehumet.
  5234 | D:4      | Found an opulent altar of Gozag.
  5238 | D:4      | Became a worshipper of Vehumet
  5675 | D:5      | Entered Level 5 of the Dungeon
  5850 | D:5      | Slain by a sleepcap

Illustrated notes

Levels and vault maps discovered:
D:1:      saegor_arrival_simple_e, layout_rooms
D:2:      minmay_angry_zag, layout_loops_corners,
          shapermc_ecumenical_altar_acropolis, serial_shops, shop_fountains,
          uniq_jessica, uniq_crazy_yiuf_cottage, uniq_terence
D:3:      layout_loops_corners, gammafunk_ghost_abyssal_escape,
          nrook_mini_vaults
D:4:      layout_basic, chequers_temple_overflow_minitemple,
          minmay_temple_entry_junction, grunt_tough_drop, uniq_natasha
D:5:      layout_rooms, dk_noncrumbling_2
Temple:   nicolae_temple_superstar

Skill      XL: |  1  2  3  4  5  6  7 |
---------------+----------------------+-----
Spellcasting   | 5 6 7 8 |  8.7
Fighting       | 1 2 |  2.0
Armour         | 1 |  1.8
Conjurations   | 2 3 4 |  4.3
Dodging        | 3 |  3.0
Stealth        | 3 |  3.0
Air Magic      | 1 |  1.0
Poison Magic   | 1 |  1.0
Summonings     | |  1.1
Translocations | |  1.1

Action                     |  1- 3 |  4- 6 |  7- 9 || total
---------------------------+-------+-------+-------++-------
  Melee: Dagger            |     6 |       |       ||     6
         War axe           |    19 |    46 |    14 ||    79
         Punch             |       |       |     1 ||     1
   Cast: Magic Dart        |    61 |   131 |    73 ||   265
         Mephitic Cloud    |     2 |     9 |     3 ||    14
         Call Imp          |       |     1 |     6 ||     7
    Use: Potion            |     1 |       |       ||     1
   Stab: Sleeping          |     1 |       |       ||     1
         Confused          |     1 |     5 |       ||     6
 Armour: Robe              |    14 |    30 |    20 ||    64
  Dodge: Dodged            |    20 |    46 |    24 ||    90
  Block: Other             |       |    10 |     5 ||    15
         Reflection        |       |     2 |       ||     2

Table legend: (Time is in decaauts)
 A = Elapsed time spent in this place.
 B = Non-inter-level travel time spent in this place.
 C = Inter-level travel time spent in this place.
 D = Time resting spent in this place.
 E = Time spent auto-exploring this place.
 F = Levels seen in this place.
 G = Mean time per level.
                   A        B        C        D        E       F      G
               +--------+--------+--------+--------+--------+-----+--------+
         Total |   5889 |   5643 |    246 |      0 |   4814 |   6 |  981.5 |
       Dungeon |   5887 |   5641 |    246 |      0 |   4814 |   5 | 1177.4 |
        Temple |      1 |      1 |      0 |      0 |      0 |   1 |    1.0 |
               +--------+--------+--------+--------+--------+-----+--------+

Top non-repeatable levels by time:
     D:2: 1875 daAuts
     D:4: 1735 daAuts
     D:3: 1273 daAuts
     D:1: 826 daAuts
     D:5: 176 daAuts
  Temple: 1 daAuts
